 Dungeon Crawl Stone Soup version 0.28-a0-1415-g7c84da036a (webtiles) character file.

Game seed: 519704359937943290

42 eustatius the Bolt Thrower (level 3, -1/27 HPs)
             Began as a Draconian Wanderer on Jan 8, 2022.
             Slain by a goblin (5 damage)
             ... led by Robin
             ... on level 2 of the Dungeon.
             The game lasted 00:05:33 (1226 turns).

eustatius the Bolt Thrower (Draconian Wanderer)     Turns: 1226, Time: 00:05:34

Health: -1/27      AC:  6    Str: 15    XL:     3   Next: 35%
Magic:  6/6        EV: 11    Int: 13    God:
Gold:   56         SH:  0    Dex: 10    Spells: 5/6 levels left

rFire   . . .      SeeInvis .   a - +2 hand crossbow
rCold   . . .      Faith    .   (no shield)
rNeg    . . .      Spirit   .   (armour unavailable)
rPois   .          Reflect  .   (helmet restricted)
rElec   .          Harm     .   (no cloak)
rCorr   .          Rampage  .   g - +0 pair of gloves
Will    .....                   (no boots)
Stlth   +.........              (no amulet)
HPRegen 0.09/turn               (no ring)
MPRegen 0.10/turn               (no ring)

@: no status effects
A: AC +5, unfitting armour, cold-blooded
a: no special abilities


You were on level 2 of the Dungeon.
You visited 1 branch of the dungeon, and saw 2 of its levels.

You collected 56 gold pieces.

Inventory:

Hand Weapons
 a - a +2 hand crossbow (weapon)
 d - a +0 dagger
Missiles
 b - 19 bolts (quivered ammo)
 c - 7 boomerangs
 e - 55 stones
Armour
 g - a +0 pair of gloves (worn)
Jewellery
 h - an amulet of reflection
Scrolls
 f - 2 scrolls of teleportation {unknown}
 i - a scroll of blinking {unknown}


   Skills:
 + Level 0.4 Fighting
 + Level 4.5 Crossbows
 - Level 1.0 Throwing
 + Level 2.0 Spellcasting
 + Level 3.1 Earth Magic


You had 5 spell levels left.
You knew the following spells:

 Your Spells              Type           Power      Damage    Failure   Level
a - Sandblast             Erth           18%        2d7       7%          1

Your spell library contained the following spells:

 Spells                   Type           Power      Damage    Failure   Level
 Ensorcelled Hibernation  Hex/Ice        2%         N/A       36%         2
 Stone Arrow              Conj/Erth      10%        3d7       38%         3
 Spider Form              Tmut/Pois      1%         N/A       58%         3


Dungeon Overview and Level Annotations

Branches:
Dungeon (1/15)

Altars:

Annotations:
D:2 Robin


Innate Abilities, Weirdness & Mutations

Your plain brown scales are hard. (AC +5)
You cannot fit into any form of body armour.
You are cold-blooded and may be slowed by cold attacks.


Message History

You see here a +0 spear.
b - 19 bolts (gained 2)
You open the door.
There is an open door here.
A sourceless malevolence fills the Dungeon...
You fall into a shaft and drop 1 floor!
The shaft crumbles and collapses. 9 goblins, 2 hobgoblins and Robin come into view.
A goblin is wielding a +2 dagger of draining.
A goblin is wielding a +2 dagger of electrocution.
Robin shouts!
The goblin shouts!
The hobgoblin shouts!
The goblin shouts! x4
The hobgoblin shouts!
The goblin shouts!
Okay, then.
The hobgoblin misses you. The goblin hits you with a +0 club.
Robin laughs in a distinctly smug fashion.
Robin throws the goblin at you! The goblin barely misses you.
Really attack while wielding your +2 hand crossbow? [Y]es or [N]o only, please.
Really attack while wielding your +2 hand crossbow? [Y]es or [N]o only, please.
Really attack while wielding your +2 hand crossbow?
Okay, then.
The goblin hits you with a +0 dagger. The goblin hits you but does no damage.
Robin roars a battlecry!
The goblins go into a battle-frenzy!
The goblin hits you with a +2 dagger of electrocution.
You are electrocuted!
You open the door.
The goblin hits you with a +2 dagger of electrocution.
* * * LOW HITPOINT WARNING * * *
Found a glowing orb.
The hobgoblin barely misses you. x2
There is an open door here.
Found a stone staircase leading down.
Robin throws the goblin at you! The goblin barely misses you.
The goblin hits you but does no damage. The goblin hits you with a +0 dagger.
* * * LOW HITPOINT WARNING * * *
The goblin closely misses you. The goblin hits you with a +0 dagger.
You die...

##...g...##
##..ggg##
##gg.## ##g##
#g# #.#
###g######
#..gg..>.#
#...g@...#
#...[........
#.#......####
........#.#
###.#.####.#
#.... # ###.#
#.#


You could see a hobgoblin (strong) and 3 goblins.

Vanquished Creatures
  A gnoll (D:1)
  3 ball pythons (D:1)
  3 bats (D:1)
  4 endoplasms (D:1)
  3 goblins (D:1)
  2 hobgoblins (D:1)
  3 jackals (D:1)
  7 kobolds (D:1)
  A quokka (D:1)
  A frilled lizard (D:1)
  A rat (D:1)
29 creatures vanquished.

Notes
Turn   | Place    | Note
-------+----------+-------------------------------------------
     0 | D:1      | eustatius the Draconian Wanderer began the quest for the
                  | Orb.
     0 | D:1      | eustatius set off with the following items: a +2 hand
                  | crossbow, 28 bolts, 7 boomerangs, a +0 dagger, 27 stones;
                  | and the following spell memorised: Sandblast; and the
                  | following spells available to memorise: Stone Arrow
     0 | D:1      | Reached XP level 1. HP: 14/14 MP: 3/3
   242 | D:1      | Reached XP level 2. HP: 20/20 MP: 5/5
   247 | D:1      | Reached skill level 4 in Crossbows
   844 | D:1      | Reached XP level 3. HP: 26/26 MP: 4/6
   943 | D:1      | Found a faded altar of an unknown god.
  1212 | D:1      | You fall into a shaft and drop 1 floor!
  1212 | D:2      | Noticed Robin
  1226 | D:2      | Slain by a goblin

Illustrated notes

Levels and vault maps discovered:
D:1:      dpeg_arrival_round_a, layout_basic, serial_curves, eino_curves_03,
          eino_curves_03, ebering_ecumenical_altar_mist, nrook_campfire,
          hangedman_decor_clover_reticule
D:2:      kennysheep_the_goblin_king, layout_loops_corners,
          amcnicky_mini_rare_corridor_liquid, uniq_robin

Skill      XL: |  1  2 |
---------------+-------+-----
Crossbows      | 4 |  4.5
Fighting       | |  0.4
Throwing       | |  1.0
Spellcasting   | |  2.0
Earth Magic    | |  3.1

Action                   || total
-------------------------++-------
 Fire: Hand crossbow     ||    68
 Cast: Sandblast         ||     4
Armor: Skin              ||    15
Dodge: Dodged            ||    31

Table legend: (Time is in decaauts)
 A = Elapsed time spent in this place.
 B = Non-inter-level travel time spent in this place.
 C = Inter-level travel time spent in this place.
 D = Time resting spent in this place.
 E = Time spent auto-exploring this place.
 F = Levels seen in this place.
 G = Mean time per level.
                   A        B        C        D        E       F      G
               +--------+--------+--------+--------+--------+-----+--------+
         Total |   1246 |   1222 |     24 |      0 |    774 |   2 |  623.0 |
       Dungeon |   1246 |   1222 |     24 |      0 |    774 |   2 |  623.0 |
               +--------+--------+--------+--------+--------+-----+--------+

Top non-repeatable levels by time:
     D:1: 1232 daAuts
     D:2: 13 daAuts
